 Dungeon Crawl Stone Soup version 0.17-a0-1923-gc35365e (webtiles) character file.

153 Kusio the Cudgeler (level 5, 0/50 HPs)
             Began as an Ogre Hunter on Sept 28, 2015.
             Slain by a gnoll
             ... wielding a +0 spear of flaming
              (3 damage)
             ... on level 3 of the Dungeon.
             The game lasted 00:07:22 (2157 turns).

Kusio the Cudgeler (Ogre Hunter)                    Turns: 2157, Time: 00:07:22

Health: 0/50       AC:  3    Str: 18    XL:     5   Next: 35%
Magic:  5/5        EV: 10    Int: 10    God:
Gold:   146        SH:  0    Dex: 10    Spells: 0 memorised, 4 levels left

rFire  . . .     SeeInvis .     h - +0 club
rCold  . . .     Clarity  .     d - +0 robe
rNeg   + . .     SustAt   .     (no shield)
rPois  .         Gourm    .     (helmet restricted)
rElec  .         Spirit   .     (no cloak)
rCorr  .         Warding  .     (gloves unavailable)
rMut   .         Stasis   .     (boots unavailable)
MR     .....                    (no amulet)
Stlth  +.........               (no ring)
                                n - ring of positive energy

@: not resistant to hostile enchantments, very unstealthy
A: unfitting armour, tough skin 1
a: no special abilities


You were on level 3 of the Dungeon.
You were not hungry.

You visited 1 branch of the dungeon, and saw 3 of its levels.

You collected 146 gold pieces.

Inventory:

Hand weapons
 h - a +0 club (weapon)
Missiles
 t - 6 needles of confusion
Armour
 d - a +0 robe (worn)
Jewellery
 n - a ring of positive energy (left hand)
Magical devices
 u - a wand of fire (4)
Scrolls
 g - 2 scrolls of identify {unknown}
 j - 2 scrolls of teleportation
 k - 2 scrolls of remove curse
 o - a scroll of immolation {unknown}
Potions
 c - a potion of might {unknown}
 f - a potion of lignification {unknown}
 i - a potion of agility {unknown}
 m - a potion of degeneration {unknown}
 p - a potion of curing {unknown}
 q - a potion of invisibility {unknown}
 s - a potion of brilliance {unknown}
Comestibles
 e - 2 bread rations
 l - a slice of pizza
 r - a beef jerky


   Skills:
 - Level 2.6 Fighting
 + Level 6.3 Maces & Flails
 - Level 4.4 Throwing
 - Level 1.7 Dodging
 - Level 0.7 Stealth


You had 4 spell levels left.
You didn't know any spells.

Dungeon Overview and Level Annotations

Branches:
Dungeon (3/15)

Altars:
Nemelex Xobeh
Xom


Innate Abilities, Weirdness & Mutations

You are too large for most types of armour.
You have tough skin (AC +1).


Message History

You barely miss the gnoll.
The gnoll is almost dead.
The gnoll hits you with a spear of flaming.
* * * LOW HITPOINT WARNING * * *
The gnoll burns you.
* * * LOW HITPOINT WARNING * * *
You barely miss the gnoll.
The gnoll is almost dead.
The gnoll hits you with a spear of flaming.
* * * LOW HITPOINT WARNING * * *
The gnoll burns you.
* * * LOW HITPOINT WARNING * * *
The gnoll hits you from afar with a spear of flaming.
* * * LOW HITPOINT WARNING * * *
The gnoll burns you.
* * * LOW HITPOINT WARNING * * *
The gnoll hits you from afar with a spear of flaming!
* * * LOW HITPOINT WARNING * * *
The gnoll burns you.
You die...

....##≈#'#≈##...+)..'....#'#'####
######_..._##..##...#............
.....#######........#.........###
#####.....)....##.###.........# #
#..........##)# #..###.#### #
#...######..#[# #..# #.# #
#####...### ##.#.# #..###.# #
..........# #...# #..#...# #
###.....#.# ##@.# #..#...# #
........#.# #..# #..#...#
###.....#.######g.# #..#...######
...............#..# #..#...+.....
#######........g..###..#..†##....
# #.............#..#...##.... #
#>............#..#...##.... #
#.............#..#...##.... #
#######.......#..#...##....


You could see 2 gnolls.

Vanquished Creatures
  An orc priest (D:3)
  Terence (D:2)
  An adder (D:2)
  2 gnolls (D:3)
  An ooze (D:3)
  A worm (D:2)
  3 orcs (D:3)
  7 bats
  7 hobgoblins
  7 jackals (D:2)
  A ball python (D:1)
  4 giant cockroaches
  5 giant newts
  10 goblins
  3 kobolds (D:2)
  3 quokkas (D:2)
  7 rats
64 creatures vanquished.

Notes
Turn   | Place    | Note
--------------------------------------------------------------
     0 | D:1      | Kusio the Ogre Hunter began the quest for the Orb.
     0 | D:1      | Reached XP level 1. HP: 22/22 MP: 1/1
    80 | D:1      | Reached skill level 1 in Maces & Flails
   130 | D:1      | Reached XP level 2. HP: 21/29 MP: 2/2
   603 | D:2      | Reached XP level 3. HP: 36/36 MP: 3/3
  1193 | D:2      | Noticed Terence
  1194 | D:2      | Killed Terence
  1194 | D:2      | Reached skill level 5 in Maces & Flails
  1194 | D:2      | Reached XP level 4. HP: 36/44 MP: 4/4
  1638 | D:3      | Found a shimmering altar of Xom.
  1638 | D:3      | Found a sparkling altar of Nemelex Xobeh.
  1750 | D:3      | Reached XP level 5. HP: 19/50 MP: 5/5
  2038 | D:3      | Reached skill level 6 in Maces & Flails
  2157 | D:3      | Slain by a gnoll

Vault maps used:
D:1:      enne_arrival_octagon_isle, minivault_4, minmay_misc_feat_hallway
D:2:      uniq_terence
D:3:      gammafunk_temple_overflow_elements, first_bread

Action                   |  1- 3 |  4- 6 || total
-------------------------+-------+-------++-------
Melee: Club              |   167 |    98 ||   265
       Short sword       |     5 |       ||     5
Throw: Large rock        |     5 |     6 ||    11
       Throwing net      |       |     3 ||     3
       Tomahawk          |       |     2 ||     2
  Use: Scroll            |     2 |       ||     2
  Eat: Chunk             |     1 |     3 ||     4
